 Dungeon Crawl Stone Soup version 0.23-a0-386-g9c9d49f (webtiles) character file.

32361 XanderDroid the Severer (level 13, 0/183 HPs)
             Began as a Minotaur Berserker on Oct 28, 2018.
             Was a High Priest of Trog.
             Killed by divine providence
             ... invoked by a meliai
              (10 damage)
             ... on level 4 of the Lair of Beasts.
             The game lasted 02:11:01 (15139 turns).

XanderDroid the Severer (Minotaur Berserker)       Turns: 15139, Time: 02:11:02

Health: 0/183      AC: 19    Str: 31    XL:     13   Next: 31%
Magic:  12/12      EV: 13    Int:  4    God:    Trog [*****.]
Gold:   898        SH:  6    Dex: 19    Spells: 12/12 levels left

rFire    + . .     SeeInvis .   a - +5 hand axe (drain)
rCold    + . .     Gourm    .   f - +0 buckler
rNeg     . . .     Faith    .   z - +1 plate armour {rPois}
rPois    +         Spirit   .   B - +1 hat
rElec    .         Reflect  .   j - scarf {rC+ rF+}
rCorr    .         Harm     .   (no gloves)
MR       .....                  C - +0 pair of boots
Stlth    ..........             (no amulet)
HPRegen  0.40/turn              p - +4 ring of strength
MPRegen  0.13/turn              r - +4 ring of dexterity

@: berserking, lethally poisoned (0 -> -1), very quick
A: retaliatory headbutt, horns 2
a: Berserk, Trog's Hand, Brothers in Arms, Renounce Religion


You were on level 4 of the Lair of Beasts.
You worshipped Trog.
Trog was extremely pleased with you.
You were very hungry.

You visited 3 branches of the dungeon, and saw 16 of its levels.
You also visited: Bailey.

You collected 898 gold pieces.

Inventory:

Hand Weapons
 a - a +5 hand axe of draining (weapon)
 b - a +2 mace of protection
 P - a +3 executioner's axe of chopping
Armour
 f - a +0 buckler (worn)
 j - a scarf of resistance (worn)
 z - a +1 plate armour of poison resistance (worn)
 B - a +1 hat (worn)
 C - a +0 pair of boots (worn)
Jewellery
 p - a +4 ring of strength (left hand)
 r - a +4 ring of dexterity (right hand)
 x - an uncursed ring of see invisible
 M - an uncursed ring of fire
 O - an uncursed ring of ice
Wands
 o - a wand of scattershot (5)
 u - a wand of polymorph (22)
 A - a wand of clouds (3)
 F - a wand of acid (5)
 I - a wand of paralysis (13)
 Q - a wand of flame (26)
 R - a wand of disintegration (14)
Scrolls
 d - 2 scrolls of enchant armour {unknown}
 h - 3 scrolls of magic mapping
 i - 7 scrolls of enchant weapon
 l - 4 scrolls of fear
 m - 5 scrolls of identify
 n - 10 scrolls of teleportation
 t - a scroll of amnesia {unknown}
 v - a scroll of fog {unknown}
 w - a scroll of noise {unknown}
 y - a scroll of random uselessness {unknown}
 E - 2 scrolls of blinking
 G - 3 scrolls of immolation
 H - a scroll of holy word {unknown}
 N - 4 scrolls of remove curse
 T - a scroll of silence {unknown}
 U - a scroll of acquirement
Potions
 e - 5 potions of cancellation
 g - 6 potions of heal wounds
 k - 4 potions of curing
 q - 3 potions of haste
 s - a potion of lignification {unknown}
 D - a potion of resistance
 J - 2 potions of mutation {unknown}
 K - 2 potions of invisibility {unknown}
 S - a potion of brilliance {unknown}
Comestibles
 c - 29 rations
 L - 3 chunks of flesh


   Skills:
 + Level 13.3 Fighting
 * Level 17.6 Axes
 + Level 13.1 Armour
 + Level 6.3 Dodging
 - Level 4.1 Shields


You had 12 spell levels left.
You didn't know any spells.
Your spell library was empty.

Dungeon Overview and Level Annotations

Branches:
Dungeon (11/15)            Temple (1/1) D:6            Lair (4/6) D:10
  Swamp (0/4) Lair:2        Snake (0/4) Lair:3          Orc (0/2) D:11

Altars:
Ashenzari
Cheibriados
Dithmenos
Elyvilon
Fedhas
Gozag
Hepliaklqana
Kikubaaqudgha
Makhleb
Nemelex Xobeh
Okawaru
Qazlal
Ru
Sif Muna
Trog
Uskayaw
Vehumet
Wu Jian
Xom
Yredelemnul
Zin
The Shining One

Annotations:
Lair:3 exclusion: 2 oklob plants


Innate Abilities, Weirdness & Mutations

You reflexively headbutt those who attack you in melee.
You have a pair of horns on your head.


Message History

The meliai calls upon its god to heal the killer bee.
The killer bee is healed somewhat.
You miss the killer bee. Your headbutt misses the killer bee.
The killer bee is heavily wounded.
You closely miss the meliai.
You feel sick. The killer bee stings you.
* * * LOW HITPOINT WARNING * * *
Unknown command.
You barely miss the killer bee. You headbutt the killer bee!
You feel the power of Trog in you as your rage grows.
You kill the killer bee!
Trog accepts your kill.
You slash the meliai! You drain the meliai! The meliai closely misses you.
You furiously retaliate!
You headbutt the meliai.
You kill the meliai!
Trog accepts your kill.
You slash the meliai! You drain the meliai!
The meliai is almost dead.
The meliai calls down the wrath of its god upon you.
Something smites you!
You die...

...###### ##......#
#...# ##.# ###..#.#
#P.## ### .#.# ######
#P..# #.## .#.#
#..####).# #..#
########...).รท...
.##... ......#..........
......# .## ##
#............## .......
.....#)###......##....##
#P.#.##
......y@.......P#####..#
##..P#
....#.######P...###.#.##
#.## # .. #.P.P.PP.P.##
#.# ## #.........>.. ..P
#..##.####.#. ## #.##P.
#####.###..## .#
#..#..## #...###...
####.##...# #..###....
..#...##..# ##.#####..


You could see a meliai.

Vanquished Creatures
  An orc warlord (Bailey)
  Harold (D:8)
  Fannar (D:10)
  2 hydras (Lair:3)
  A queen ant (Lair:1)
  4 death yaks (Lair:4)
  2 two-headed ogres (D:11)
  4 skeletal warriors (D:11)
  A cyclops (D:11)
  2 ugly things
  A black mamba (Lair:3)
  3 spiny frogs
  Psyche (D:8)
  4 komodo dragons
  A rime drake (Lair:3)
  2 meliai (Lair:4)
  A polar bear (Lair:2)
  Grinder (D:6)
  A troll (D:8)
  3 bog bodies (Lair:2)
  10 blink frogs (Lair:4)
  5 hippogriffs
  Sigmund (D:2)
  A wyvern (D:7)
  9 yaks
  The ghost of soark the Chopper, an amateur MiBe of Trog (D:3)
  A human (D:11)
  Grum (D:11)
  20 soldier ants
  A warg (D:11)
  9 water moccasins
  5 porcupines
  5 orc warriors
  A necrophage (D:9)
  2 sky beasts (D:5)
  6 wolves
  13 ogres
  An eye of draining (D:11)
  3 ice beasts
  2 phantoms
  2 centaurs
  7 crocodiles
  11 bullfrogs
  A wyvern zombie (D:8)
  A scorpion (D:10)
  A water moccasin skeleton (D:8)
  2 jellies
  21 killer bees
  4 wights (D:11)
  7 howler monkeys
  3 electric eels
  5 crimson imps
  A centaur zombie (D:9)
  A quasit (D:8)
  3 centaur skeletons
  6 hounds
  5 orc wizards
  Crazy Yiuf (D:2)
  3 iguanas
  8 orc priests
  Terence (D:2)
  Natasha (thrice) (D:2)
  31 worker ants
  A hound zombie (D:8)
  2 hound skeletons
  5 gnolls
  10 adders
  3 shadow imps
  An ooze (D:4)
  An adder skeleton (D:6)
  5 worms
  9 dart slugs
  7 leopard geckos
  33 orcs
  A ball python (D:3)
  2 bats
  8 giant cockroaches
  11 goblins
  10 hobgoblins
  12 jackals
  4 quokkas
  A frilled lizard (D:1)
  A giant cockroach zombie (D:6)
  15 kobolds
  A leopard gecko skeleton (D:4)
  5 rats
  11 fungi
421 creatures vanquished.

Vanquished Creatures (collateral kills)
  A hydra (Lair:2)
  An orc (Bailey)
2 creatures vanquished.

Vanquished Creatures (others)
  2 fungi
  6 plants
8 creatures vanquished.

Grand Total: 431 creatures vanquished

Notes
Turn   | Place    | Note
-------+----------+-------------------------------------------
     0 | D:1      | XanderDroid the Minotaur Berserker began the quest for the
                  | Orb.
     0 | D:1      | Reached XP level 1. HP: 19/19 MP: 0/0
   163 | D:1      | Reached skill level 4 in Axes
   163 | D:1      | Reached XP level 2. HP: 25/27 MP: 1/1
   933 | D:2      | You fall through a shaft for 2 floors!
   963 | D:4      | Reached XP level 3. HP: 28/33 MP: 2/2
   991 | D:4      | Reached ** piety under Trog
  1272 | D:4      | Noticed a bullfrog
  1277 | D:4      | Killed a bullfrog
  1277 | D:4      | Reached skill level 5 in Axes
  1277 | D:4      | Reached XP level 4. HP: 36/41 MP: 3/3
  1333 | D:3      | Found a runed gate.
  1333 | D:3      | Found a runed gate.
  1333 | D:3      | Found a runed gate.
  1334 | D:3      | Noticed soark's ghost (amateur MiBe)
  1365 | D:3      | Reached XP level 5. HP: 47/47 MP: 4/4
  1466 | D:3      | Noticed a phantom
  1485 | D:3      | Killed a phantom
  1485 | D:3      | Reached skill level 5 in Fighting
  1485 | D:3      | Reached skill level 6 in Axes
  1724 | D:3      | Reached XP level 6. HP: 53/56 MP: 5/5
  1856 | D:2      | Noticed Sigmund
  1978 | D:2      | Noticed Terence
  1978 | D:2      | Noticed Natasha
  2223 | D:2      | Killed Terence
  2224 | D:2      | Reached *** piety under Trog
  2275 | D:2      | Killed Natasha
  2430 | D:2      | Noticed Natasha
  2440 | D:2      | Killed Natasha
  2548 | D:2      | Noticed Natasha
  2551 | D:2      | Killed Natasha
  2551 | D:2      | Reached skill level 7 in Axes
  2580 | D:2      | Killed Sigmund
  2580 | D:2      | Reached skill level 5 in Armour
  2580 | D:2      | Reached XP level 7. HP: 36/62 MP: 6/6
  2807 | D:2      | Found a runed door.
  2820 | D:2      | Noticed Crazy Yiuf
  2825 | D:2      | Killed Crazy Yiuf
  2950 | D:3      | Noticed a hand axe
  2966 | D:3      | Found a hide-covered altar of Uskayaw.
  2970 | D:3      | Noticed a hand axe
  3044 | D:3      | Killed soark's ghost
  3044 | D:3      | Reached skill level 1 in Shields
  3758 | D:4      | Reached skill level 8 in Axes
  3855 | D:5      | Entered Level 5 of the Dungeon
  3937 | D:5      | Reached XP level 8. HP: 67/71 MP: 7/7
  4153 | D:5      | Reached skill level 9 in Axes
  4154 | D:5      | Found a hazy altar of Hepliaklqana.
  4264 | D:5      | Reached **** piety under Trog
  4356 | D:5      | Found a stormy altar of Qazlal.
  4604 | D:6      | Found a shattered altar of Ashenzari.
  4723 | D:6      | Reached skill level 10 in Axes
  4728 | D:6      | Reached XP level 9. HP: 26/79 MP: 8/8
  5058 | D:6      | Found a staircase to the Ecumenical Temple.
  5102 | Temple   | Entered the Ecumenical Temple
  5340 | D:6      | Noticed a white ugly thing
  5427 | D:6      | Noticed Grinder
  5440 | D:6      | Killed Grinder
  5629 | D:6      | Killed a white ugly thing
  5629 | D:6      | Reached skill level 11 in Axes
  6160 | D:7      | Found Josaa's Armour Shoppe.
  6316 | D:8      | Reached ***** piety under Trog
  6346 | D:8      | Found a deep blue altar of Sif Muna.
  6350 | D:8      | Found an iron altar of Okawaru.
  6353 | D:8      | Reached skill level 12 in Axes
  6372 | D:8      | Reached XP level 10. HP: 74/91 MP: 9/9
  6437 | D:8      | Noticed Harold
  6452 | D:8      | Killed Harold
  6676 | D:8      | Noticed Psyche
  6686 | D:8      | Killed Psyche
  6781 | D:8      | Found a glowing golden altar of the Shining One.
  6781 | D:8      | Found a blossoming altar of Fedhas.
  6783 | D:8      | Found an opulent altar of Gozag.
  6979 | D:8      | Found an ornate altar of the Wu Jian Council.
  7255 | D:9      | Reached skill level 13 in Axes
  7436 | D:9      | Found a flagged portal.
  7446 | Bailey   | Entered a bailey
  7460 | Bailey   | Noticed an orc warlord
  7635 | Bailey   | Found a runed gate.
  7637 | Bailey   | Found a runed gate.
  7639 | Bailey   | Found a runed gate.
  7669 | Bailey   | Reached skill level 10 in Fighting
  7719 | Bailey   | Killed an orc warlord
  7808 | D:9      | Found a glowing silver altar of Zin.
  7864 | D:9      | Reached skill level 10 in Armour
  7933 | D:9      | Found a sacrificial altar of Ru.
  8032 | D:9      | Found a shimmering altar of Xom.
  8498 | D:10     | Entered Level 10 of the Dungeon
  8501 | D:10     | Found the +7 Singing Sword {slice, sonic wave}
  8576 | D:10     | Found a staircase to the Lair.
  8724 | D:10     | Found a bloodstained altar of Trog.
  8828 | D:10     | Reached XP level 11. HP: 93/101 MP: 10/10
  9206 | D:10     | Reached skill level 14 in Axes
  9243 | D:10     | Noticed Fannar
  9264 | D:10     | Killed Fannar
  9380 | D:11     | Noticed a two-headed ogre
  9414 | D:11     | Killed a two-headed ogre
  9488 | D:11     | Noticed Grum
  9502 | D:11     | Killed Grum
  9535 | D:11     | Noticed a skeletal warrior
  9571 | D:11     | Killed a skeletal warrior
  9643 | D:11     | Noticed a skeletal warrior
  9669 | D:11     | Killed a skeletal warrior
  9739 | D:11     | Noticed a skeletal warrior
  9807 | D:11     | Identified the cursed +1 dagger "Vanaoxzutz" {venom, Dex+4}
  9976 | D:11     | Found a staircase to the Orcish Mines.
 10090 | D:11     | Got a spiked leather armour
 10091 | D:11     | Identified the +2 leather armour "Qeohonoweu" {rPois} (You
                  | found it on level 11 of the Dungeon)
 10206 | D:11     | Reached skill level 15 in Axes
 10325 | D:11     | Noticed a skeletal warrior
 10454 | D:11     | Killed a skeletal warrior
 10463 | D:11     | Killed a skeletal warrior
 10584 | D:11     | Received a gift from Trog
 10613 | D:11     | Noticed a cyan ugly thing
 10814 | D:10     | Killed a cyan ugly thing
 10899 | D:11     | Noticed a two-headed ogre
 10908 | D:11     | Killed a two-headed ogre
 11000 | Lair:1   | Entered Level 1 of the Lair of Beasts
 11032 | Lair:1   | Reached XP level 12. HP: 101/112 MP: 11/11
 11675 | Lair:2   | Reached skill level 16 in Axes
 11733 | Lair:2   | Noticed a seven-headed hydra
 12587 | Lair:2   | Noticed a queen ant
 12707 | Lair:1   | Killed a queen ant
 12893 | Lair:2   | Killed a seven-headed hydra
 13217 | Lair:2   | Found a staircase to the Swamp.
 13347 | Lair:2   | Identified 2 scrolls of acquirement
 13548 | Lair:3   | Noticed a five-headed hydra
 13630 | Lair:3   | Found a staircase to the Snake Pit.
 13634 | Lair:3   | Reached skill level 5 in Dodging
 13639 | Lair:3   | Reached skill level 17 in Axes
 13673 | Lair:3   | Received a gift from Trog
 13987 | Lair:3   | Noticed an eight-headed hydra
 13997 | Lair:3   | Killed an eight-headed hydra
 14083 | Lair:3   | Killed a five-headed hydra
 14135 | Lair:3   | Reached XP level 13. HP: 89/119 MP: 12/12
 14184 | Lair:3   | Got a translucent ring mail
 14187 | Lair:3   | Identified the +3 ring mail of Disappointment {rElec Dex+4}
                  | (You found it on level 3 of the Lair of Beasts)
 15139 | Lair:4   | Killed from afar by a meliai

Vault maps used:
D:1:      eino_arrival_water_star
D:2:      first_ration, uniq_terence, uniq_sigmund, uniq_natasha,
          uniq_crazy_yiuf_cottage
D:3:      kennysheep_slugbush, dancing_weapons_uskayaw,
          ebering_ghost_rock_garden, lemuel_flame_loot_1
D:4:      minmay_joined_circles
D:5:      lemuel_crystal_altar, old_standard_altar, st_stairs_4
D:6:      minmay_opposing_rooms, ashenzari_conservatory_becter,
          minmay_temple_entry_large_hall, kennysheep_doodads, uniq_grinder
D:7:      serial_shops, shop
D:8:      marbit_many_paths, nicolae_overflow_hidden_temple, uniq_harold,
          uniq_psyche
D:9:      old_standard_altar, kennysheep_mini, overflow_temple_1_default,
          enter_bailey_7
D:10:     lair_entry_dummy, basic_altar, uniq_fannar
D:11:     erik_orc_4, uniq_grum
Temple:   nicolae_temple_figure_zero
Lair:1:   grunt_megastairs_1
Lair:2:   nicolae_swamp_entry_splash_gauntlet,
          eino_small_chamber_without_monster, st_stairs_5, minivault_29,
          lemuel_fruit_tree
Lair:3:   dummy_snake_entry, serial_bayou_lake_a, minmay_lair_oklob_chamber
Lair:4:   special_room
Bailey:   bailey_axe_bossmonster_kennysheep, bailey

Skill      XL: |  1  2  3  4  5  6  7  8  9 10 11 12 13 |
---------------+----------------------------------------+-----
Axes           | 4 5 6 7 8 10 12 13 15 17 | 17.6
Fighting       | 4 5 6 7 9 10 11 12 13 | 13.3
Armour         | 3 4 5 7 8 10 11 12 13 | 13.1
Shields        | 2 4 |  4.1
Dodging        | 5 6 |  6.3

Action                   |  1- 3 |  4- 6 |  7- 9 | 10-12 | 13-15 || total
-------------------------+-------+-------+-------+-------+-------++-------
Melee: Hand axe          |    38 |    76 |       |   316 |    99 ||   529
       Headbutt          |     9 |    20 |    56 |   208 |    28 ||   321
       War axe           |       |    19 |   253 |   353 |       ||   625
       Unarmed           |       |    12 |       |       |       ||    12
       Mace              |       |       |       |     7 |       ||     7
Invok: Berserk           |       |     2 |     4 |     4 |     1 ||    11
       Trog's Hand       |       |     2 |       |     4 |       ||     6
       Brothers in Arms  |       |       |       |     2 |       ||     2
  Use: Scroll            |       |       |     6 |    15 |     1 ||    22
       Potion            |       |       |       |     1 |     1 ||     2
 Stab: Confused          |       |     3 |       |       |       ||     3
  Eat: Chunk             |     1 |     6 |    13 |    27 |       ||    47
       Ration            |       |       |     1 |     1 |     1 ||     3
Armor: Animal skin       |     3 |       |       |       |       ||     3
       Scale mail        |     4 |    37 |    39 |       |       ||    80
       Skin              |       |     1 |     7 |       |       ||     8
       Plate armour      |       |       |    54 |   293 |    26 ||   373
Dodge: Dodged            |    22 |    56 |    92 |   231 |    26 ||   427
Block: Buckler           |       |       |    20 |   143 |    18 ||   181

Table legend:
 A = Non-vault XP
 B = Vault XP
 C = Vault XP percentage of total XP
 D = Non-vault monster count
 E = Vault monster count
 F = Vault count percentage of total count
                 A         B        C        D         E       F
            +---------+---------+-------+---------+---------+-------
      Total |   31923 |   14308 |  30.9 |     281 |     131 |  31.8
            +---------+---------+-------+---------+---------+-------
        D:1 |      32 |       0 |   0.0 |      17 |       0 |   0.0
        D:2 |     111 |     330 |  74.8 |      19 |       4 |  17.4
        D:3 |     248 |     227 |  47.8 |      20 |       9 |  31.0
        D:4 |     210 |      99 |  32.0 |      11 |       6 |  35.3
        D:5 |     727 |     125 |  14.7 |      27 |       2 |   6.9
        D:6 |     849 |    1393 |  62.1 |      19 |       9 |  32.1
        D:7 |     813 |       0 |   0.0 |      13 |       0 |   0.0
        D:8 |    1042 |    1685 |  61.8 |      22 |       3 |  12.0
        D:9 |    1152 |      20 |   1.7 |      20 |       4 |  16.7
       D:10 |    2113 |     976 |  31.6 |      17 |       1 |   5.6
       D:11 |    7174 |    1218 |  14.5 |      32 |      19 |  37.3
     Lair:1 |    1038 |    1704 |  62.1 |       4 |       6 |  60.0
     Lair:2 |    4100 |    4360 |  51.5 |      20 |      41 |  67.2
     Lair:3 |    5283 |       0 |   0.0 |      19 |       0 |   0.0
     Lair:4 |    7031 |     941 |  11.8 |      21 |       7 |  25.0
     Bailey |       0 |    1230 | 100.0 |       0 |      20 | 100.0
            +---------+---------+-------+---------+---------+-------
